Match 45262883
Unlisted

Match 45262883
End
Royal Engineer Section
Construct Section Command Post
Selects Canadian Shock Battlegroup
Dingo Light Scout Car
Infantry Section
Grenade Package
Selects Attacking Spirit
Selects Canadian Shock Section
Canadian Shock Section
Construct Platoon Command Post
Canadian Shock Section
Infantry Section
Construct Field Infirmary
Selects Incendiary Munitions
Selects Pyrotechnics
Canadian Shock Section
Spaceman Spiff
Gumshoe.Cambro
0
0

Comments sign in to comment!

No comments posted yet!